 Dungeon Crawl Stone Soup version 0.18-b1-10-g3f7de93 (webtiles) character file.

35600 Inkary the Grappler (level 13, -16/111 HPs)
             Began as a Troll Fighter on Apr 29, 2016.
             Was a High Priest of Yredelemnul.
             Demolished by Rupert
             ... wielding a +4 battleaxe of venom
              (33 damage)
             ... on level 6 of the Lair of Beasts.
             The game lasted 01:10:36 (15371 turns).

Inkary the Grappler (Troll Fighter)                Turns: 15371, Time: 01:10:36

Health: -16/111    AC: 13    Str: 34    XL:     13   Next: 48%
Magic:  7/15       EV: 14    Int:  4    God:    Yredelemnul [*****.]
Gold:   972        SH: 22    Dex: 15    Spells: 0 memorised, 12 levels left

rFire  . . .     SeeInvis .       - Unarmed
rCold  + . .     Gourm    +     U - +1 robe {rC+}
rNeg   + . .     Faith    +     p - +2 large shield {rN+}
rPois  .         Spirit   .     s - +2 hat
rElec  .         Dismiss  .     E - +2 cloak {+Inv}
rCorr  .         Reflect  .     (gloves unavailable)
SustAt .         Harm     .     (boots unavailable)
MR     .....                    n - amulet of faith
Stlth  ++........               m - +2 ring of dexterity
                                y - +5 ring of strength

@: lethally poisoned (-16 -> -17), not resistant to hostile enchantments,
unstealthy
A: unfitting armour, claws 3, talons 1, slimy green scales 1, fast metabolism 3,
frail 1, gourmand, regeneration 2, shaggy fur 1, strong 1, tough skin 2
a: Recall Undead Slaves, Injury Mirror, Animate Dead, Drain Life, Enslave Soul,
Renounce Religion, Evoke Invisibility


You were on level 6 of the Lair of Beasts.
You worshipped Yredelemnul.
Yredelemnul was extremely pleased with you.
You were not hungry.

You visited 3 branches of the dungeon, and saw 20 of its levels.

You collected 1250 gold pieces.
You spent 278 gold pieces at shops.

Inventory:

Hand Weapons
 K - a +2 scimitar of flaming
Armour
 p - a +2 large shield of positive energy (worn)
 s - a +2 hat (worn)
 E - a +2 cloak of invisibility (worn)
 U - a +1 robe of cold resistance (worn)
Jewellery
 f - an uncursed ring of sustain attributes
 m - a +2 ring of dexterity (right claw)
 n - an amulet of faith (around neck)
 y - a +5 ring of strength (left claw)
 X - a +5 amulet of reflection
Wands
 w - a wand of disintegration (11/24)
 x - a wand of flame (19/48)
 A - a wand of disintegration (18/24)
 D - a wand of acid (9/15)
 Q - a wand of polymorph (11/24)
 S - a wand of random effects (18/48)
 T - a wand of acid (9/15)
 W - a wand of enslavement (9/24)
 Y - a wand of confusion (14/48)
 Z - a wand of heal wounds (0/9)
Scrolls
 g - a scroll of fog
 i - 2 scrolls of amnesia {unknown}
 j - 6 scrolls of remove curse
 t - 2 scrolls of blinking {unknown}
 u - a scroll of enchant weapon {unknown}
 z - 2 scrolls of identify
 F - a scroll of recharging
 G - a scroll of immolation {unknown}
 I - 4 scrolls of enchant armour
 L - a scroll of torment {unknown}
 M - 2 scrolls of acquirement
 N - 4 scrolls of teleportation
 O - 2 scrolls of silence
Potions
 a - a potion of haste
 c - 2 potions of might
 e - 3 potions of flight
 k - 3 potions of agility
 l - a potion of cancellation
 o - 7 potions of brilliance
 q - 2 potions of heal wounds
 v - 4 potions of cure mutation
 B - 4 potions of ambrosia
 H - a potion of curing
 J - 4 potions of magic
 V - a potion of lignification
Comestibles
 b - 33 fruits
 d - 14 bread rations
 h - 12 royal jellies
 r - 6 meat rations
 P - a beef jerky
 R - 2 slices of pizza


   Skills:
 + Level 7.5 Fighting
 - Level 4.0 Armour
 - Level 8.8 Dodging
 * Level 11.1 Shields
 - Level 11.1 Unarmed Combat
 + Level 4.8 Invocations
 - Level 5.0 Evocations


You had 12 spell levels left.
You didn't know any spells.

Dungeon Overview and Level Annotations

Branches:
Dungeon (13/15)            Temple (1/1) D:7            Lair (6/8) D:9
 Shoals (0/4) Lair:3        Snake (0/4) Lair:5          Orc (0/2) D:11
  Slime: Lair:6-8    Vaults: D:13-14

Altars:
Ashenzari
Cheibriados
Dithmenos
Elyvilon
Fedhas
Gozag
Kikubaaqudgha
Makhleb
Nemelex Xobeh
Okawaru
Pakellas
Qazlal
Ru
Sif Muna
Trog
Vehumet
Xom
Yredelemnul
Zin
The Shining One

Shops:
D:4 !   D:6 ?   D:12 (

Portals:
Trove: D:13 (give horn of Geryon)

Annotations:
Lair:6 Rupert


Innate Abilities, Weirdness & Mutations

You are too large for most types of armour.
You have claws for hands.
Your metabolism is lightning-fast.
You like to eat raw meat.
You heal very quickly.
You are covered in fur (AC +1).
You have very tough skin (AC +2).
You have sharp toenails.
You are partially covered in slimy green scales (AC +2).
You are frail (-10% HP).
Your muscles are strong. (Str +2)


Message History

Rupert looks more energetic.
Rupert barely misses you.
You barely miss Rupert. You claw Rupert, but do no damage.
Rupert is almost dead.
Rupert hits you with a battleaxe of venom!
You are poisoned.
You feel sick. Rupert roars wildly at you.
You struggle to resist.
You're too confused to move!
You feel sick.
Rupert roars madly and goes into a rage!
Rupert goes berserk!
You feel sick.
You feel sick.
Rupert hits you with a battleaxe of venom!!
* * * LOW HITPOINT WARNING * * *
You feel less confused.
You feel sick.
Rupert hits you with a battleaxe of venom!!
You die...
Your body rises from the dead as a mindless zombie.

.............^................
#............................
.........................P...
.....<.....(.............#.
........P................#
........P...............#....
..............................
................P.............
...............@@......P##....
........(...............# .#.
......................P## #
.....P.†.......#.......PP
.....#P.........†......P..
.....##...P...†††......P..
.....##.................#.
.....................###.
.....................#


You could see Rupert (berserk).

Vanquished Creatures
  Snorg (Lair:3)
  3 hydras
  A death knight (D:12)
  Pikel (D:6)
  2 hill giants
  An orc knight (D:11)
  An ugly thing (D:12)
  A griffon (Lair:2)
  2 cyclopes
  2 manticores
  9 black mambas
  5 elephants
  A centaur zombie (D:9)
  3 spiny frogs
  A centaur skeleton (D:13)
  3 komodo dragons
  3 trolls
  2 polar bears
  A two-headed ogre (D:9)
  5 blink frogs (Lair:5)
  2 wraiths (D:11)
  The ghost of Lovchig the Covered, an amateur DDFi (D:4)
  17 yaks
  A fire elemental (D:13)
  2 hippogriffs
  A vampire mosquito (D:12)
  2 steam dragons
  2 hungry ghosts
  An electric eel (Lair:5)
  A soldier ant (D:10)
  5 water moccasins
  A hell hound (D:13)
  5 orc warriors
  3 porcupines
  5 ice beasts
  3 phantoms
  A wasp (D:10)
  6 sky beasts
  2 black bears
  A necrophage (D:8)
  An eye of draining (D:11)
  4 centaurs
  6 ogres
  8 wolves
  6 crocodiles
  23 giant frogs
  A gnoll sergeant (D:10)
  4 scorpions
  5 killer bees
  7 wights
  9 howler monkeys
  A vampire bat (Lair:1)
  3 quasits
  3 crimson imps
  A giant frog zombie (D:10)
  4 jellies
  7 orc priests
  4 hounds
  Ijyb (D:2)
  Jessica (D:2)
  11 iguanas
  7 orc wizards
  10 worker ants
  4 sheep (Lair:5)
  2 hound skeletons
  A worker ant zombie (D:8)
  14 adders
  42 river rats
  3 gnolls (D:10)
  3 shadow imps
  2 oozes
  An adder zombie (D:6)
  An adder skeleton (D:4)
  2 worms
  2 dart slugs
  5 giant geckos
  52 orcs
  4 giant cockroaches
  8 goblins
  3 hobgoblins
  4 jackals
  5 kobolds
  6 quokkas
  A ball python (Lair:5)
  A ball python skeleton (D:4)
  8 bats
  A giant gecko skeleton (D:7)
  6 giant newts
  6 rats
424 creatures vanquished.

Vanquished Creatures (collateral kills)
  Azrael (D:13)
  Fannar (D:12)
  2 hydras
  Erica (Lair:1)
  2 elephants
  A faun (Lair:3)
  A centaur zombie (D:13)
  2 black mambas
  A centaur skeleton (D:13)
  A spiny frog (Lair:5)
  A komodo dragon (Lair:4)
  2 blink frogs (Lair:5)
  3 yaks
  3 fire elementals (D:13)
  A wraith (D:11)
  A hungry ghost (D:13)
  A basilisk (Lair:5)
  A hippogriff (Lair:1)
  2 water moccasins
  2 porcupines
  A phantom (D:10)
  A centaur (D:13)
  4 crocodiles
  A giant frog (Lair:3)
  A vampire bat (Lair:1)
  4 electric eels
  A crimson imp (D:13)
  2 iguanas
  4 sheep (Lair:5)
  22 river rats
  4 orcs
  A ball python (Lair:5)
  3 bats (Lair:1)
  2 fungi (Lair:5)
81 creatures vanquished.

Vanquished Creatures (others)
  A phantasmal warrior (Lair:6)
  2 black mamba zombies (Lair:5)
  8 flying skulls
  A wraith (Lair:5)
  A slave (D:6)
  A cyclops zombie (D:11)
  A water moccasin zombie (Lair:5)
  2 yak zombies (D:11)
  A scorpion (D:6)
  5 wights
  A howler monkey (D:11)
  2 wolf zombies (Lair:5)
  A wasp zombie (D:10)
  An ogre zombie (D:11)
  An iguana zombie (Lair:5)
  A ball python zombie (Lair:5)
  4 orc skeletons (D:11)
  2 plants (Lair:5)
36 creatures vanquished.

Grand Total: 541 creatures vanquished

Notes
Turn   | Place    | Note
--------------------------------------------------------------
     0 | D:1      | Inkary the Troll Fighter began the quest for the Orb.
     0 | D:1      | Reached XP level 1. HP: 22/22 MP: 0/0
    67 | D:1      | Reached XP level 2. HP: 29/29 MP: 1/1
   868 | D:2      | Reached XP level 3. HP: 29/36 MP: 2/2
   899 | D:2      | Noticed Ijyb
   908 | D:2      | Killed Ijyb
   962 | D:2      | Found a sacrificial altar of Ru.
  1042 | D:2      | Noticed Jessica
  1047 | D:2      | Reached XP level 4. HP: 44/45 MP: 3/3
  1054 | D:2      | Killed Jessica
  1261 | D:2      | Reached XP level 5. HP: 53/53 MP: 4/4
  1774 | D:3      | Found a glowing drain.
  2221 | D:4      | Found Galesuss's Distillery.
  2276 | D:4      | Bought a potion of might for 56 gold pieces
  2276 | D:4      | Bought 2 potions of heal wounds for 140 gold pieces
  2356 | D:4      | Noticed Lovchig's ghost (amateur DDFi)
  2381 | D:4      | Reached XP level 6. HP: 38/62 MP: 5/5
  2387 | D:4      | Killed Lovchig's ghost
  2618 | D:4      | Reached XP level 7. HP: 71/71 MP: 6/6
  2748 | D:4      | Found an oddly glowing altar of Pakellas.
  2881 | D:5      | Entered Level 5 of the Dungeon
  3086 | D:5      | Found an iron altar of Okawaru.
  3234 | D:5      | Reached skill level 5 in Unarmed Combat
  3268 | D:5      | Found a shattered altar of Ashenzari.
  3372 | D:5      | Found a shadowy altar of Dithmenos.
  3372 | D:5      | Found a sparkling altar of Nemelex Xobeh.
  3373 | D:5      | Found an ancient bone altar of Kikubaaqudgha.
  3373 | D:5      | Found a blossoming altar of Fedhas.
  3373 | D:5      | Found a shimmering altar of Xom.
  3375 | D:5      | Found a white marble altar of Elyvilon.
  3376 | D:5      | Found a stormy altar of Qazlal.
  3426 | D:5      | Reached skill level 5 in Fighting
  3426 | D:5      | Reached skill level 5 in Dodging
  3743 | D:6      | Reached XP level 8. HP: 64/80 MP: 7/7
  3808 | D:6      | Found a deep blue altar of Sif Muna.
  3928 | D:6      | Found Istrikuuq's Magic Scroll Shop.
  3933 | D:6      | Bought a scroll of enchant armour for 82 gold pieces
  3956 | D:6      | Noticed Pikel
  3984 | D:6      | Killed Pikel
  4096 | D:6      | You fall through a shaft for 3 floors!
  4168 | D:9      | Noticed a two-headed ogre
  4184 | D:9      | Killed a two-headed ogre
  4193 | D:9      | Reached XP level 9. HP: 62/88 MP: 8/8
  4734 | D:7      | Found a staircase to the Ecumenical Temple.
  4763 | Temple   | Entered the Ecumenical Temple
  4835 | Temple   | Became a worshipper of Yredelemnul the Dark
  5048 | D:7      | Reached XP level 10. HP: 96/96 MP: 9/9
  5724 | D:8      | Reached skill level 10 in Unarmed Combat
  6050 | D:8      | Identified 3 scrolls of acquirement
  6123 | D:9      | Noticed a manticore
  6132 | D:9      | Killed a manticore
  6132 | D:9      | Reached * piety under Yredelemnul
  6417 | D:9      | Reached skill level 1 in Evocations
  6480 | D:9      | Found a staircase to the Lair.
  6756 | D:10     | Entered Level 10 of the Dungeon
  7631 | D:11     | Noticed a seven-headed hydra
  7773 | D:11     | Reached skill level 5 in Shields
  7859 | D:11     | Found a staircase to the Orcish Mines.
  7895 | D:11     | Reached ** piety under Yredelemnul
  7895 | D:11     | Reached XP level 11. HP: 78/102 MP: 12/12
  8266 | D:11     | Noticed an orc knight
  8300 | D:11     | Killed an orc knight
  8307 | D:11     | Reached skill level 1 in Invocations
  8332 | D:11     | Reached *** piety under Yredelemnul
  8790 | D:12     | Noticed a green ugly thing
  8802 | D:12     | Killed a green ugly thing
  9111 | D:12     | Found Peudafas's Antique Weapon Emporium.
  9150 | D:12     | Noticed a death knight
  9165 | D:12     | Killed a death knight
  9177 | D:12     | Noticed Fannar
  9188 | D:12     | Killed Fannar
  9210 | D:12     | Gained mutation: Your spells are a little easier to cast, but a little less powerful. [potion of mutation]
  9210 | D:12     | Gained mutation: You are agile. (Dex +2) [potion of mutation]
  9210 | D:12     | Lost mutation: Your spells are a little easier to cast, but a little less powerful. [potion of mutation]
  9211 | D:12     | Gained mutation: Your muscles are strong. (Str +2) [potion of mutation]
  9211 | D:12     | Lost mutation: You are agile. (Dex +2) [potion of mutation]
  9211 | D:12     | Gained mutation: You are frail (-10% HP). [potion of mutation]
  9212 | D:12     | Gained mutation: You are partially covered in slimy green scales (AC +2). [potion of mutation]
  9212 | D:12     | Gained mutation: You have sharp toenails. [potion of mutation]
  9270 | D:12     | Noticed a hill giant
  9274 | D:12     | Killed a hill giant
  9274 | D:12     | Reached **** piety under Yredelemnul
  9506 | D:13     | Reached XP level 12. HP: 99/99 MP: 14/14
  9508 | D:13     | Received a gift from Yredelemnul
  9639 | D:13     | Noticed Azrael
  9645 | D:13     | Killed Azrael
  9645 | D:13     | Reached skill level 5 in Evocations
  9838 | D:13     | Found a portal to a secret trove of treasure.
 10466 | Lair:1   | Entered Level 1 of the Lair of Beasts
 10474 | Lair:1   | Noticed an eight-headed hydra
 10481 | Lair:1   | Killed an eight-headed hydra
 10481 | Lair:1   | Reached skill level 1 in Armour
 10918 | Lair:1   | Noticed Erica
 10924 | Lair:1   | Killed Erica
 11226 | Lair:2   | Received a gift from Yredelemnul
 11387 | Lair:2   | Reached ***** piety under Yredelemnul
 11554 | Lair:2   | Received a gift from Yredelemnul
 11679 | Lair:2   | Noticed an eight-headed hydra
 11688 | Lair:2   | Killed an eight-headed hydra
 11758 | Lair:2   | Received a gift from Yredelemnul
 12278 | Lair:3   | Noticed a four-headed hydra
 12285 | Lair:3   | Killed a three-headed hydra
 12385 | Lair:3   | Noticed a four-headed hydra
 12386 | Lair:3   | Noticed Snorg
 12391 | Lair:3   | Killed a one-headed hydra
 12397 | Lair:3   | Killed Snorg
 12498 | Lair:3   | Found a staircase to the Shoals.
 12558 | Lair:3   | Reached skill level 10 in Shields
 12570 | Lair:3   | Received a gift from Yredelemnul
 13243 | Lair:4   | Reached XP level 13. HP: 110/110 MP: 15/15
 13261 | Lair:4   | Received a gift from Yredelemnul
 14384 | Lair:5   | Received a gift from Yredelemnul
 14487 | Lair:5   | Received a gift from Yredelemnul
 14523 | Lair:5   | Found a staircase to the Snake Pit.
 14699 | Lair:5   | Received a gift from Yredelemnul
 15316 | Lair:6   | Noticed Rupert
 15341 | Lair:6   | HP: 2/111 [Rupert/battleaxe of venom (20)]
 15355 | Lair:6   | Paralysed by Rupert for 3 turns
 15371 | Lair:6   | Demolished by Rupert

Skill      XL: |  1  2  3  4  5  6  7  8  9 10 11 12 13 |
---------------+----------------------------------------+-----
Fighting       | 3 4 5 6 7 |  7.5
Dodging        | 3 4 5 6 8 |  8.8
Unarmed Combat | 3 4 5 7 9 10 11 | 11.1
Shields        | 5 7 10 11 | 11.1
Evocations     | 2 4 5 |  5.0
Invocations    | 3 4 |  4.8
Armour         | 3 4 |  4.0

Action                   |  1- 3 |  4- 6 |  7- 9 | 10-12 | 13-15 || total
-------------------------+-------+-------+-------+-------+-------++-------
Melee: Unarmed           |    80 |   170 |   297 |   790 |   218 ||  1555
       Kick              |       |       |       |   122 |   101 ||   223
       Scimitar          |       |       |       |    10 |     3 ||    13
Invok: Animate Remains   |       |       |       |     5 |       ||     5
       Animate Dead      |       |       |       |    13 |     8 ||    21
       Injury Mirror     |       |       |       |     2 |     1 ||     3
       Recall Undead Sla |       |       |       |       |     3 ||     3
       Drain Life        |       |       |       |       |     2 ||     2
       Enslave Soul      |       |       |       |       |     1 ||     1
Evoke: Wand              |       |       |       |     6 |     3 ||     9
  Use: Scroll            |       |     8 |     2 |    19 |     2 ||    31
       Potion            |       |     4 |       |     4 |     6 ||    14
 Stab: Sleeping          |     1 |     1 |       |     3 |     2 ||     7
       Distracted        |       |       |       |     5 |     5 ||    10
  Eat: Chunk             |     9 |    21 |    22 |    80 |    14 ||   146
       Pizza             |       |       |       |     1 |       ||     1
       Beef jerky        |       |       |       |     2 |     1 ||     3
       Meat ration       |       |       |       |       |     1 ||     1
Armor: Robe              |    39 |    51 |    72 |   124 |    35 ||   321
Dodge: Dodged            |    31 |    38 |   103 |   192 |    76 ||   440
Block: Shield            |    32 |    69 |   115 |    29 |       ||   245
       Large shield      |       |       |       |   678 |   265 ||   943
